BSA
LOS ANGELES BRUINS @ NEW ORLEANS LOOTERS
08/25/2024
 
TOP OF THE 1ST
Los Angeles Bruins batting - Pitching for New Orleans Looters : RHP Anthony O'Connor
Pitching: RHP Anthony O'Connor
Batting: LHB José Antonio Santiago 0-0: Ball
1-0: DOUBLE (Line Drive, 3L)
Batting: SHB Ramón Lugo 0-0: Ball
1-0: Ball
2-0: Ball
3-0: Called Strike
3-1: Called Strike
3-2: Foul Ball, location: 2F
3-2: Strikes out looking
Batting: RHB Rubén Calderón 0-0: Ball
1-0: 2-RUN HOME RUN (Flyball, 78XD), Distance : 409 ft
Batting: LHB Richard Hunter 0-0: Ball
1-0: DOUBLE (Line Drive, 9LD)
Batting: RHB Morgan Gibbon 0-0: Ball
1-0: Called Strike
1-1: Foul Ball, location: 2F
1-2: DOUBLE (Line Drive, 9LS)
Richard Hunter scores
Batting: SHB Zach Franks 0-0: Ball
1-0: Ball
2-0: Foul Ball, location: 2F
2-1: Ball
3-1: Base on Balls
Batting: LHB David Richardson 0-0: Foul Ball, location: 2F
0-1: Called Strike
0-2: Foul Ball, location: 2F
0-2: Fly out, F4 (Popup, 34D)
Batting: SHB Miguel González 0-0: Foul Ball, location: 2F
0-1: Called Strike
0-2: Ball
1-2: Ball
2-2: Foul Ball, location: 2F
2-2: Ball
3-2: Foul Ball, location: 2F
3-2: Foul Ball, location: 2F
3-2: Foul Ball, location: 2F
3-2: Foul Ball, location: 2F
3-2: Base on Balls
Morgan Gibbon to third
Zach Franks to second
Batting: RHB Tom Doherty 0-0: Ball
1-0: Swinging Strike
1-1: Ball
2-1: Ball
3-1: Swinging Strike
3-2: Fly out, F2 (Popup, 2RF)
Top of the 1st over - 3 run(s), 4 hit(s), 0 error(s), 3 left on base; Los Angeles 3 - New Orleans 0
BOTTOM OF THE 1ST
New Orleans Looters batting - Pitching for Los Angeles Bruins : RHP Juan González
Pitching: RHP Juan González
Batting: LHB Miguel Colón 0-0: Swinging Strike
0-1: Ground out 5-3 (Groundball, 56)
Batting: LHB José Esparza 0-0: Called Strike
0-1: Ball
1-1: Ball
2-1: Ground out 4-3 (Groundball, 4)
Batting: RHB Luis Alou 0-0: Ball
1-0: Foul Ball, location: 2F
1-1: Foul Ball, location: 2F
1-2: Ball
2-2: Ground out 6-3 (Groundball, 6)
Bottom of the 1st over - 0 run(s), 0 hit(s), 0 error(s), 0 left on base; Los Angeles 3 - New Orleans 0
TOP OF THE 2ND
Los Angeles Bruins batting - Pitching for New Orleans Looters : RHP Anthony O'Connor
Batting: LHB José Antonio Santiago 0-0: Ball
1-0: Ground out 6-3 (Groundball, 6M)
Batting: SHB Ramón Lugo 0-0: Foul Ball, location: 2F
0-1: Foul Ball, location: 2F
0-2: Foul Ball, location: 2F
0-2: Fly out, F7 (Flyball, 7D)
Batting: RHB Rubén Calderón 0-0: Called Strike
0-1: Called Strike
0-2: Strikes out swinging
Top of the 2nd over - 0 run(s), 0 hit(s), 0 error(s), 0 left on base; Los Angeles 3 - New Orleans 0
BOTTOM OF THE 2ND
New Orleans Looters batting - Pitching for Los Angeles Bruins : RHP Juan González
Batting: RHB Francisco Ibarra 0-0: Ball
1-0: Foul Ball, location: 2F
1-1: Called Strike
1-2: SINGLE (Line Drive, 3D)
Batting: RHB Jimmy Simon 0-0: Ball
1-0: Called Strike
1-1: Swinging Strike
1-2: DOUBLE (Line Drive, 78D)
Francisco Ibarra to third
Runner from 3rd tries for Home, SAFE, no throw or cutoff
Batting: RHB Dominic Turner 0-0: Ball
1-0: Foul Ball, location: 2F
1-1: Foul Ball, location: 2F
1-2: SINGLE (Groundball, 4M)
Jimmy Simon to third
Runner from 3rd tries for Home, SAFE, no throw or cutoff
Batting: RHB José Mora 0-0: Called Strike
0-1: Swinging Strike
0-2: Strikes out looking
Batting: RHB Dave O'Loan 0-0: SINGLE (Line Drive, 7S)
Dominic Turner to second
Batting: LHB Miguel Castillo 0-0: Ground out U3 (Groundball, 3S)
Dominic Turner to third
Dave O'Loan to second
Batting: LHB Miguel Colón 0-0: Ball
1-0: Foul Ball, location: 2F
1-1: Called Strike
1-2: 3-RUN HOME RUN (Line Drive, 9D), Distance : 367 ft
Batting: LHB José Esparza 0-0: Swinging Strike
0-1: Ball
1-1: Foul Ball, location: 2F
1-2: Strikes out swinging
Bottom of the 2nd over - 5 run(s), 5 hit(s), 0 error(s), 0 left on base; Los Angeles 3 - New Orleans 5
TOP OF THE 3RD
Los Angeles Bruins batting - Pitching for New Orleans Looters : RHP Anthony O'Connor
Batting: LHB Richard Hunter 0-0: Called Strike
0-1: Called Strike
0-2: Foul Ball, location: 2F
0-2: Foul Ball, location: 2F
0-2: Ball
1-2: Strikes out swinging
Batting: RHB Morgan Gibbon 0-0: Called Strike
0-1: Ball
1-1: Called Strike
1-2: Foul Ball, location: 2F
1-2: Foul Ball, location: 2F
1-2: Ball
2-2: SINGLE (Line Drive, 6D)
Batting: SHB Zach Franks 0-0: Called Strike
0-1: Ball
1-1: Fly out, F5 (Popup, 5SF)
Batting: LHB David Richardson 0-0: Called Strike
0-1: Foul Ball, location: 2F
0-2: Ball
1-2: Foul Ball, location: 2F
1-2: Ball
2-2: Strikes out swinging
Top of the 3rd over - 0 run(s), 1 hit(s), 0 error(s), 1 left on base; Los Angeles 3 - New Orleans 5
BOTTOM OF THE 3RD
New Orleans Looters batting - Pitching for Los Angeles Bruins : RHP Juan González
Batting: RHB Luis Alou 0-0: Swinging Strike
0-1: Called Strike
0-2: Ball
1-2: Ball
2-2: Foul Ball, location: 2F
2-2: Foul Ball, location: 2F
2-2: Ball
3-2: SINGLE (Flyball, 8RS)
Batting: RHB Francisco Ibarra 0-0: Ball
1-0: Foul Ball, location: 2F
1-1: Ball
2-1: 2-RUN HOME RUN (Flyball, 78XD), Distance : 397 ft
Batting: RHB Jimmy Simon 0-0: Ball
1-0: Called Strike
1-1: Swinging Strike
1-2: Ball
2-2: Strikes out swinging
Batting: RHB Dominic Turner 0-0: Ball
1-0: Ball
2-0: Foul Ball, location: 2F
2-1: Ball
3-1: Swinging Strike
3-2: Base on Balls
Batting: RHB José Mora 0-0: Ball
1-0: Ball
2-0: Called Strike
2-1: Foul Ball, location: 2F
2-2: Fly out, F9 (Flyball, 89S)
Batting: RHB Dave O'Loan 0-0: Called Strike
0-1: Fly out, F3 (Popup, 3F)
Bottom of the 3rd over - 2 run(s), 2 hit(s), 0 error(s), 1 left on base; Los Angeles 3 - New Orleans 7
TOP OF THE 4TH
Los Angeles Bruins batting - Pitching for New Orleans Looters : RHP Anthony O'Connor
Batting: SHB Miguel González 0-0: Called Strike
0-1: Called Strike
0-2: Ball
1-2: Ball
2-2: Fly out, F7 (Flyball, 78D)
Batting: RHB Tom Doherty 0-0: Ball
1-0: Called Strike
1-1: Foul Ball, location: 2F
1-2: Foul Ball, location: 2F
1-2: DOUBLE (Flyball, 8LXD)
Pitching: RHP Armando Félix
Batting: LHB José Antonio Santiago 0-0: Ball
1-0: Ball
2-0: Foul Ball, location: 2F
2-1: Swinging Strike
2-2: Strikes out swinging
Batting: SHB Ramón Lugo 0-0: Ball
1-0: SINGLE (Line Drive, 89M)
Tom Doherty to third
Batting: RHB Rubén Calderón 0-0: Swinging Strike
0-1: Swinging Strike
0-2: Ball
1-2: 3-RUN HOME RUN (Flyball, 78XD), Distance : 386 ft
Batting: LHB Richard Hunter 0-0: Ball
1-0: Ball
2-0: Ball
3-0: Called Strike
3-1: Base on Balls
Batting: RHB Morgan Gibbon 0-0: Ball
1-0: Ground out 4-3 (Groundball, 4)
Top of the 4th over - 3 run(s), 3 hit(s), 0 error(s), 1 left on base; Los Angeles 6 - New Orleans 7
BOTTOM OF THE 4TH
New Orleans Looters batting - Pitching for Los Angeles Bruins : RHP Juan González
Pitching: RHP António Juárez
Batting: LHB Miguel Castillo 0-0: Called Strike
0-1: SINGLE (Line Drive, 89S)
Batting: LHB Miguel Colón 0-0: Ball
1-0: Called Strike
1-1: Ball
2-1: Called Strike
2-2: Foul Ball, location: 2F
2-2: Strikes out swinging
Batting: LHB José Esparza 0-0: Ball
1-0: Fielders Choice at 2nd, 4-6 (Groundball, 4M)
Batting: RHB Luis Alou 0-0: Foul Ball, location: 2F
0-1: Ball
1-1: SINGLE (Groundball, 34D)
José Esparza to second
Runner from 2nd tries for 3rd, SAFE, throw made to third
Batting: RHB Francisco Ibarra 0-0: Called Strike
0-1: SINGLE (Groundball, 6MD)
José Esparza scores
Luis Alou to second
Throwing error, E8
Luis Alou scores
Francisco Ibarra to second
Batting: RHB Jimmy Simon 0-0: Ball
1-0: Ball
2-0: Called Strike
2-1: Fly out, F9 (Flyball, 9M)
Bottom of the 4th over - 2 run(s), 3 hit(s), 1 error(s), 1 left on base; Los Angeles 6 - New Orleans 9
TOP OF THE 5TH
Los Angeles Bruins batting - Pitching for New Orleans Looters : RHP Armando Félix
Batting: SHB Zach Franks 0-0: Called Strike
0-1: Called Strike
0-2: Strikes out swinging
Batting: LHB David Richardson 0-0: Called Strike
0-1: Ball
1-1: Ball
2-1: Fly out, F9 (Line Drive, 89S)
Batting: SHB Miguel González 0-0: Foul Ball, location: 2F
0-1: Foul Ball, location: 2F
0-2: Ball
1-2: Ball
2-2: Ground out 4-3 (Groundball, 4)
Top of the 5th over - 0 run(s), 0 hit(s), 0 error(s), 0 left on base; Los Angeles 6 - New Orleans 9
BOTTOM OF THE 5TH
New Orleans Looters batting - Pitching for Los Angeles Bruins : RHP António Juárez
Batting: RHB Dominic Turner 0-0: Foul Ball, location: 2F
0-1: Called Strike
0-2: Ball
1-2: Strikes out swinging
Batting: RHB José Mora 0-0: Ball
1-0: Called Strike
1-1: Swinging Strike
1-2: Foul Ball, location: 2F
1-2: Strikes out looking
Batting: RHB Dave O'Loan 0-0: Ball
1-0: Called Strike
1-1: Ball
2-1: Foul Ball, location: 2F
2-2: Strikes out looking
Bottom of the 5th over - 0 run(s), 0 hit(s), 0 error(s), 0 left on base; Los Angeles 6 - New Orleans 9
TOP OF THE 6TH
Los Angeles Bruins batting - Pitching for New Orleans Looters : RHP Armando Félix
Pitching: RHP Dale Downs
Batting: RHB Tom Doherty 0-0: Foul Ball, location: 2F
0-1: Swinging Strike
0-2: Strikes out swinging
Batting: LHB José Antonio Santiago 0-0: Ball
1-0: Ball
2-0: Ball
3-0: Base on Balls
Batting: SHB Ramón Lugo 0-0: Swinging Strike
0-1: Ball
1-1: Ball
2-1: Fielders Choice at 2nd, 1-6 (Groundball, 23)
Batting: RHB Rubén Calderón 0-0: Ball
1-0: Ball
2-0: Foul Ball, location: 2F
2-1: Ball
3-1: Called Strike
3-2: Foul Ball, location: 2F
3-2: Base on Balls
Ramón Lugo to second
Batting: LHB Richard Hunter 0-0: Called Strike
0-1: Swinging Strike
0-2: Foul Ball, location: 2F
0-2: Foul Ball, location: 2F
0-2: Ball
1-2: Ball
2-2: Ball
3-2: Base on Balls
Ramón Lugo to third
Rubén Calderón to second
Batting: RHB Morgan Gibbon 0-0: Foul Ball, location: 2F
0-1: Called Strike
0-2: Ground out 1-3 (Groundball, 13S)
Top of the 6th over - 0 run(s), 0 hit(s), 0 error(s), 3 left on base; Los Angeles 6 - New Orleans 9
BOTTOM OF THE 6TH
New Orleans Looters batting - Pitching for Los Angeles Bruins : RHP António Juárez
Batting: LHB Miguel Castillo 0-0: Swinging Strike
0-1: Ball
1-1: Ball
2-1: Foul Ball, location: 2F
2-2: Ball
3-2: Foul Ball, location: 2F
3-2: Base on Balls
Batting: LHB Miguel Colón 0-0: Ball
1-0: Swinging Strike
1-1: Ball
2-1: Swinging Strike
2-2: Foul Ball, location: 2F
2-2: Strikes out swinging
Batting: LHB José Esparza 0-0: Ball
1-0: Ball
2-0: Called Strike
2-1: Foul Ball, location: 2F
2-2: Ball
3-2: Fly out, F8 (Flyball, 8LM)
Pitching: RHP Orlando Ojeda
Batting: RHB Luis Alou 0-0: Swinging Strike
0-1: Swinging Strike
0-2: Strikes out looking
Bottom of the 6th over - 0 run(s), 0 hit(s), 0 error(s), 1 left on base; Los Angeles 6 - New Orleans 9
TOP OF THE 7TH
Los Angeles Bruins batting - Pitching for New Orleans Looters : RHP Dale Downs
Batting: SHB Zach Franks 0-0: Called Strike
0-1: Swinging Strike
0-2: Strikes out swinging
Batting: LHB David Richardson 0-0: Called Strike
0-1: Foul Ball, location: 2F
0-2: Ball
1-2: Ball
2-2: Ground out 4-3 (Groundball, 34)
Batting: SHB Miguel González 0-0: Called Strike
0-1: Ball
1-1: Swinging Strike
1-2: Ground out 4-3 (Groundball, 4)
Top of the 7th over - 0 run(s), 0 hit(s), 0 error(s), 0 left on base; Los Angeles 6 - New Orleans 9
BOTTOM OF THE 7TH
New Orleans Looters batting - Pitching for Los Angeles Bruins : RHP Orlando Ojeda
Batting: RHB Francisco Ibarra 0-0: Ball
1-0: Called Strike
1-1: Called Strike
1-2: Ball
2-2: Strikes out swinging
Batting: RHB Jimmy Simon 0-0: Ball
1-0: Called Strike
1-1: Ball
2-1: Ball
3-1: Swinging Strike
3-2: Strikes out swinging
Batting: RHB Dominic Turner 0-0: Ball
1-0: Swinging Strike
1-1: Foul Ball, location: 2F
1-2: Foul Ball, location: 2F
1-2: Ground out 6-3 (Groundball, 6M)
Bottom of the 7th over - 0 run(s), 0 hit(s), 0 error(s), 0 left on base; Los Angeles 6 - New Orleans 9
TOP OF THE 8TH
Los Angeles Bruins batting - Pitching for New Orleans Looters : RHP Dale Downs
Pitching: RHP Keith Harper
Batting: RHB Tom Doherty 0-0: SINGLE (Line Drive, 6D)
Batting: LHB José Antonio Santiago 0-0: Called Strike
0-1: Called Strike
0-2: Fly out, F8 (Flyball, 8RD)
Batting: SHB Ramón Lugo 0-0: Called Strike
0-1: Fly out, F5 (Popup, 5SF)
Batting: RHB Rubén Calderón 0-0: Ball
1-0: Ball
2-0: Ball
3-0: Called Strike
3-1: Base on Balls
Tom Doherty to second
Batting: LHB Richard Hunter 0-0: Ball
1-0: Ball
2-0: Ball
3-0: Called Strike
3-1: Called Strike
3-2: Base on Balls
Tom Doherty to third
Rubén Calderón to second
Pinch Hitting: LHB Tony Abete 0-0: Foul Ball, location: 2F
0-1: Swinging Strike
0-2: Strikes out looking
Top of the 8th over - 0 run(s), 1 hit(s), 0 error(s), 3 left on base; Los Angeles 6 - New Orleans 9
BOTTOM OF THE 8TH
New Orleans Looters batting - Pitching for Los Angeles Bruins : RHP Orlando Ojeda
Now at SS: Gregg Nelson
Batting: RHB José Mora 0-0: Ball
1-0: Swinging Strike
1-1: Ball
2-1: Foul Ball, location: 2F
2-2: Ball
3-2: Strikes out swinging
Batting: RHB Dave O'Loan 0-0: Called Strike
0-1: Called Strike
0-2: Ball
1-2: Strikes out swinging
Batting: LHB Miguel Castillo 0-0: Ball
1-0: Ground out 4-3 (Groundball, 4)
Bottom of the 8th over - 0 run(s), 0 hit(s), 0 error(s), 0 left on base; Los Angeles 6 - New Orleans 9
TOP OF THE 9TH
Los Angeles Bruins batting - Pitching for New Orleans Looters : RHP Keith Harper
Pitching: LHP Juan Méndez
Batting: SHB Zach Franks 0-0: Foul Ball, location: 2F
0-1: Ball
1-1: Fly out, F4 (Popup, 4M)
Batting: LHB David Richardson 0-0: Foul Ball, location: 2F
0-1: Called Strike
0-2: Foul Ball, location: 2F
0-2: Ball
1-2: Ball
2-2: Foul Ball, location: 2F
2-2: Strikes out swinging
Batting: SHB Miguel González 0-0: Ball
1-0: Ball
2-0: Ball
3-0: Base on Balls
Batting: RHB Tom Doherty 0-0: Ball
1-0: Ball
2-0: Foul Ball, location: 2F
2-1: Swinging Strike
2-2: Foul Ball, location: 2F
2-2: Foul Ball, location: 2F
2-2: Strikes out swinging
Top of the 9th over - 0 run(s), 0 hit(s), 0 error(s), 1 left on base; Los Angeles 6 - New Orleans 9
This league is powered by Out of the Park Baseball, the baseball management simulation game for PC, Mac and Linux
Saturday, April 9th, 2016 - OOTP Baseball 16.8 Build 38